Map: Dusk Towers

Players

ILLBdA - Winner!

  • Race: Protoss Protoss
  • League: Diamond

Uebermensch

  • Race: Protoss Protoss
  • League: Diamond

VOD

Have the link to the VOD?

Description

Time

  • Played on: Dec. 24, 2015, 7:59 a.m.
  • Length: 2:43
Show
View Real Time Build Order
Export as new Build Order

ILLBdA Protoss - Winner!

Build Orders:  

Get SALT Encoding   

  12  0:01  Probe (Chrono Boost)  
  13  0:12  Probe (Chrono Boost)  
  14  0:18  Pylon  
  14  0:22  Probe (Chrono Boost)  
  15  0:37  Forge  
  15  0:39  Probe (Chrono Boost)  
  16  0:49  Probe (Chrono Boost)  
  17  1:08  Pylon x2  
  17  1:10  Pylon  
  17  1:24  Pylon  
  17  1:27  Photon Cannon  
  17  1:52  Photon Cannon  
  17  2:04  Photon Cannon  
  16  2:33  Photon Cannon  
Show
View Real Time Build Order
Export as new Build Order

Uebermensch Protoss 

Build Orders: Cannon Rush 

Get SALT Encoding   

  12  0:01  Probe (Chrono Boost)  
  13  0:14  Pylon  
  13  0:17  Probe (Chrono Boost)  
  14  0:34  Forge  
  14  0:36  Probe (Chrono Boost)  
  15  0:46  Probe (Chrono Boost)  
  16  0:54  Pylon  
  16  0:57  Probe (Chrono Boost)  
  17  1:14  Photon Cannon  
  17  1:27  Pylon  
  17  1:38  Pylon  
  17  1:53  Photon Cannon  
  17  1:58  Photon Cannon  
  17  1:59  Probe (Chrono Boost), Photon Cannon  
Tags
 
Matchup
PvP
Replay Pack
me
Add a new tag
Caveats
  • Supply blocks, unpowered buildings, or Contaminate may cause inaccurate times.
  • Supply counts are checked every 10 seconds.